 Dungeon Crawl Stone Soup version 0.30-a0-475-g03497ec522 (webtiles) character file.

Game seed: 6924579357317064913

420 cforsyth the Chiller (level 6, -5/41 HPs)
             Began as a Merfolk Ice Elementalist on Dec 20, 2022.
             Was an Initiate of Fedhas.
             Slain by an orc warrior
             ... wielding a +2 halberd of pain
              (7 damage)
             ... on level 5 of the Dungeon.
             The game lasted 00:17:48 (5479 turns).

cforsyth the Chiller (Merfolk Ice Elementalist)     Turns: 5479, Time: 00:17:49

Health: -5/41      AC:  4    Str:  8    XL:     6   Next: 94%
Magic:  1/11       EV: 14    Int: 16    God:    Fedhas [......]
Gold:   296        SH:  0    Dex: 15    Spells: 4/12 levels left

rFire   + . .      SeeInvis .    (no weapon)
rCold   . . .      Faith    .    (no shield)
rNeg    . . .      Spirit   .    a - +0 robe
rPois   .          Reflect  .    o - +1 helmet
rElec   .          Harm     .    (no cloak)
rCorr   .          Rampage  .    (no gloves)
Will    .....                    (no boots)
Stlth   ++........               (no amulet)
HPRegen 0.26/turn                i - ring of protection from fire
MPRegen 0.12/turn                q - ring of flight

@: flying
A: (nimble swimmer 2), mertail
a: Renounce Religion


You were on level 5 of the Dungeon.
You worshipped Fedhas.
Fedhas was noncommittal.
You visited 2 branches of the dungeon, and saw 6 of its levels.

You collected 296 gold pieces.

Inventory:

Missiles
 m - 2 throwing nets
Armour
 a - a +0 robe (worn)
 o - a +1 helmet (worn)
Jewellery
 c - a ring of see invisible
 i - a ring of protection from fire (left hand)
 q - a ring of flight (right hand)
 s - an amulet of faith
Scrolls
 e - a scroll of fog {unknown}
 f - a scroll of amnesia {unknown}
 g - 2 scrolls of teleportation
 n - a scroll of enchant armour {unknown}
 p - a scroll of poison {unknown}
Potions
 b - a potion of magic
 d - a potion of haste
 h - 4 potions of brilliance
 j - 3 potions of heal wounds
 k - a potion of might
 l - a potion of curing {unknown}
 r - a potion of lignification {unknown}


   Skills:
 + Level 5.6 Dodging
 - Level 3.2 Stealth
 + Level 3.9 Spellcasting
 + Level 6.0 Ice Magic


You had 4 spell levels left.
You knew the following spells:

 Your Spells              Type           Power      Damage    Failure   Level
a - Freeze                Ice            88%        1d9       1%          1
b - Frozen Ramparts       Ice            44%        1d7       4%          3
c - Summon Ice Beast      Ice/Summ       12%        N/A       43%         4

Your spell library contained the following spells:

 Spells                   Type           Power      Damage    Failure   Level
 Ozocubu's Armour         Ice            22%        N/A       4%          3
 Apportation              Tloc           6%         N/A       17%         1
 Alistair's Intoxication  Tmut/Pois      2%         N/A       99%         5


Dungeon Overview and Level Annotations

Branches:
Dungeon (5/15)             Temple (1/1) D:4

Altars:
Ashenzari
Elyvilon
Fedhas
Gozag
Hepliaklqana
Kikubaaqudgha
Nemelex Xobeh
Okawaru
Ru
Sif Muna
Uskayaw
Wu Jian
Xom
Yredelemnul
Zin
The Shining One

Shops:
D:1 (   D:2 =

Annotations:
D:3 1 runed translucent door, Crazy Yiuf


Innate Abilities, Weirdness & Mutations

((You are very nimble when in or above water. (Stealth+, EV+, Speed+++)))
Your lower body shifts to a powerful aquatic tail in water.


Message History

Casting: Summon Ice Beast (extremely dangerous; 43% risk of failure)
Confirm with . or Enter, or press ? or * to list all spells.
Casting: Frozen Ramparts (dangerous; 4% risk of failure)
Press: ? - help, Dir - look around, f - activate The walls around you are covered in ice.
The wall freezes the orc warrior but does no damage.
The orc warrior barely misses your ice beast.
Your ice beast barely misses the orc warrior.
The wall freezes the orc warrior.
The orc warrior hits your ice beast with a +2 halberd of pain!
Your ice beast hits the orc warrior.
Your ice beast freezes the orc warrior!
The wall freezes the orc warrior but does no damage.
The orc warrior hits your ice beast with a +2 halberd of pain!
Your ice beast dies!
Your ice beast disappears in a puff of smoke!
The wall freezes the orc warrior.
The orc priest miscasts a cantrip.
The wall freezes the orc warrior.
The orc warrior hits you from afar with a +2 halberd of pain!
The wall freezes the orc.
The wall freezes the orc warrior but does no damage.
The orc warrior closely misses you.
The wall freezes the orc.
The wall freezes the orc warrior.
The orc warrior hits you from afar with a +2 halberd of pain.
* * * LOW HITPOINT WARNING * * *
Unknown command.
The orc priest invokes the aid of Beogh against you.
Beogh smites you!
* * * LOW HITPOINT WARNING * * *
The wall freezes the orc.
You kill the orc!
Fedhas appreciates your contribution to the ecosystem.
The wall freezes the orc warrior but does no damage.
The orc warrior barely misses you.
Unknown command.
Unknown command.
The frozen ramparts melt away.
The orc warrior hits you from afar with a +2 halberd of pain!
You die...
Fedhas appreciates your contribution to the ecosystem.

#.#.##.# # #......#
#.....## # #.#.#.# # #.
#.#.#.## ## #.# #.#.#..##
##. #..# #.#.....###..
#...#########.#....###...
#..o)oo.@................
#...#########.#....##....
#..# #......##.#.. #..
###.##.##.##. #. #.#..#
## ## #.#.## # #.#.###.#
#.......# ###.#######


You could see an orc warrior, an orc priest and an orc.

Vanquished Creatures
  An ogre (D:4)
  A scorpion (D:5)
  An orc priest (D:4)
  2 orc wizards (D:4)
  9 adders
  A worm (D:2)
  6 dart slugs
  11 orcs
  6 ball pythons
  2 bats
  8 endoplasms
  5 giant cockroaches
  14 goblins
  5 hobgoblins
  3 jackals (D:3)
  4 quokkas
  3 frilled lizards
  7 kobolds
  9 rats
98 creatures vanquished.

Notes
Turn   | Place    | Note
-------+----------+-------------------------------------------
     0 | D:1      | cforsyth the Merfolk Ice Elementalist began the quest for
                  | the Orb.
     0 | D:1      | Reached XP level 1. HP: 13/13 MP: 3/3
   161 | D:1      | Reached XP level 2. HP: 7/19 MP: 0/5
   916 | D:1      | Reached XP level 3. HP: 24/24 MP: 4/6
  1090 | D:1      | Found Ejuy's Antique Weapon Shop.
  1401 | D:1      | Learned a level 3 spell: Frozen Ramparts
  1872 | D:2      | Reached XP level 4. HP: 30/30 MP: 3/7
  2109 | D:2      | Found Babliuf's Jewellery Shoppe.
  2457 | D:3      | Reached skill level 5 in Ice Magic
  2912 | D:3      | Reached XP level 5. HP: 35/35 MP: 2/9
  3204 | D:3      | Found a runed translucent door.
  3205 | D:3      | Noticed Crazy Yiuf
  3647 | D:4      | Reached XP level 6. HP: 5/41 MP: 5/11
  3863 | D:4      | Reached skill level 5 in Dodging
  4531 | D:4      | Found a staircase to the Ecumenical Temple.
  4543 | Temple   | Entered the Ecumenical Temple
  4883 | Temple   | Became a worshipper of Fedhas Madash
  5035 | D:5      | Entered Level 5 of the Dungeon
  5115 | D:5      | Learned a level 4 spell: Summon Ice Beast
  5206 | D:5      | Reached skill level 6 in Ice Magic
  5459 | D:5      | Noticed an orc warrior
  5478 | D:5      | HP: 2/41 [orc priest/divine providence (10)]
  5479 | D:5      | Slain by an orc warrior

Illustrated notes

Levels and vault maps discovered:
D:1:      minmay_arrival_doors, layout_basic, serial_shops, shop
D:2:      layout_rooms, serial_shops, nicolae_shop_stone,
          nicolae_elevator_lobby_plus
D:3:      cheibrodos_greedy_goblins, layout_basic, grunt_decor_mini_mirrors,
          chequers_garden, minmay_diced_spiral, uniq_crazy_yiuf_cottage
D:4:      layout_rooms, temple_green
D:5:      layout_loops_corners, grunt_decor_clamped, uniq_sigmund
Temple:   nicolae_temple_elliptical

Skill      XL: |  1  2  3  4  5  6 |
---------------+-------------------+-----
Dodging        | 3 4 5 |  5.6
Stealth        | 3 |  3.2
Ice Magic      | 5 6 |  6.0
Spellcasting   | 3 |  3.9

Action                   |  1- 3 |  4- 6 || total
-------------------------+-------+-------++-------
Melee: Unarmed           |    17 |    13 ||    30
 Cast: Freeze            |    54 |    48 ||   102
       Frozen Ramparts   |     3 |    22 ||    25
       Summon Ice Beast  |       |     1 ||     1
  Use: Potion            |       |     2 ||     2
       Scroll            |       |     3 ||     3
 Stab: Sleeping          |       |     2 ||     2
Armor: Robe              |     6 |    10 ||    16
Dodge: Dodged            |    44 |    36 ||    80

Table legend: (Time is in decaauts)
 A = Elapsed time spent in this place.
 B = Non-inter-level travel time spent in this place.
 C = Inter-level travel time spent in this place.
 D = Time resting spent in this place.
 E = Time spent auto-exploring this place.
 F = Levels seen in this place.
 G = Mean time per level.
                   A        B        C        D        E       F      G
               +--------+--------+--------+--------+--------+-----+--------+
         Total |   5479 |   5313 |    166 |    724 |   3615 |   6 |  913.2 |
       Dungeon |   5116 |   4965 |    151 |    724 |   3478 |   5 | 1023.2 |
        Temple |    362 |    347 |     15 |      0 |    137 |   1 |  362.0 |
               +--------+--------+--------+--------+--------+-----+--------+

Top non-repeatable levels by time:
     D:3: 1480 daAuts
     D:1: 1414 daAuts
     D:4: 1040 daAuts
     D:2: 739 daAuts
     D:5: 442 daAuts
  Temple: 362 daAuts
